 Dungeon Crawl Stone Soup version 0.32-a0-468-g38b2580584 (webtiles) character file.

Game seed: 3920700700880228369

39 ezpacito the Trooper (level 3, -3/29 HPs)
             Began as a Demonspawn Chaos Knight on Feb 24, 2024.
             Was a Plaything of Xom.
             Killed from afar by a goblin (11 damage)
             ... with a puff of flame
             ... on level 3 of the Dungeon.
             The game lasted 00:01:10 (1467 turns).

ezpacito the Trooper (Demonspawn Chaos Knight)      Turns: 1467, Time: 00:01:10

Health: -3/29      AC:  6    Str: 14    XL:     3   Next: 28%
Magic:  3/3        EV: 11    Int: 12    God:    Xom [..*...]
Gold:   182        SH:  0    Dex: 12    Spells: 2/2 levels left

rFire   . . .        a - +0 hand axe (chaos)
rCold   . . .        (no shield)
rNeg    . . .        b - +2 leather armour
rPois   .            e - +0 helmet
rElec   .            (no cloak)
rCorr   .            (no gloves)
SInv    .            (no boots)
Will    .....        (no amulet)
Stlth   +            (no ring)
HPRegen 0.24/turn    (no ring)
MPRegen 0.08/turn

%: no passive effects
@: attractive
A: powered by death 1
a: Renounce Religion


You were on level 3 of the Dungeon.
You worshipped Xom.
You were a toy of Xom.
You visited 1 branch of the dungeon, and saw 3 of its levels.

You collected 182 gold pieces.

Inventory:

Hand Weapons
 a - a +0 hand axe of chaos (weapon)
Armour
 b - a +2 leather armour (worn)
 e - a +0 helmet (worn)
Scrolls
 c - a scroll of butterflies
 f - 2 scrolls of immolation {unknown}
 i - 2 scrolls of identify {unknown}
 j - a scroll of fog {unknown}
 k - a scroll of enchant weapon {unknown}
 l - a scroll of amnesia {unknown}
 m - a scroll of blinking {unknown}
Potions
 g - a potion of curing {unknown}
 h - a potion of mutation {unknown}
 n - a potion of heal wounds {unknown}


   Skills:
 * Level 3.3 Fighting
 * Level 2.9 Axes
 + Level 0.0(1.6) Polearms
 * Level 2.2 Armour
 * Level 1.2 Dodging
 + Level 0.7 Stealth
 * Level 0.5 Unarmed Combat
 + Level 0.3 Spellcasting


You had 2 spell levels left.
You didn't know any spells.
Your spell library was empty.

Dungeon Overview and Level Annotations

Branches:
Dungeon (3/15)

Altars:
Vehumet

Shops:
D:1 :


Innate Abilities, Weirdness & Mutations

You regenerate a little health from kills.


Message History

The web tears apart.
The ribbon worm closely misses you.
You hit the ribbon worm. You burn the ribbon worm.
You kill the ribbon worm!
You see here a +0 robe.
There is a stone staircase leading up here.
Unknown command.
HP restored.
There is a stone staircase leading up here.
You see here a +0 robe.
Found 4 stones.
You now have 182 gold pieces (gained 7).
A goblin and a kobold come into view.
The goblin is carrying a wand of flame.
Found a radiant altar of Vehumet.
The goblin shouts!
There are monsters nearby!
Found a chain mail.
The goblin zaps a wand.
The puff of flame hits you.
The kobold shouts!
The goblin zaps a wand.
The puff of flame hits you.
A dart slug comes into view.
The goblin zaps a wand.
The puff of flame hits you. The dart slug launches a dart at you.
The slug dart hits you but does no damage.
You slash the kobold!
You kill the kobold!
The goblin zaps a wand.
The puff of flame hits you!
* * * LOW HITPOINT WARNING * * *
You are too injured to fight recklessly!
You are too injured to fight recklessly!
You are too injured to fight recklessly!
You are too injured to fight recklessly!
You are too injured to fight recklessly!
You are too injured to fight recklessly!
You are too injured to fight recklessly!
You are too injured to fight recklessly!
You are too injured to fight recklessly!
Unknown command.
It was a potion of attraction.
You feel attractive to monsters.
The goblin zaps a wand.
The puff of flame hits you!
You die...

######## #########
#####...... #........
..##....#... .<......#
#.##........
#.#####.#####.#...#._[#.
#[##.##.........@).g....
#.#.#.#..####.#.....#...
#..###...# #.###.......
#.## ##..# ... .......
#).###..## .#?## #####..
#.#.#.#.###(#.# w
#.............#
.....##.###.###
#######.#


You could see a dart slug and a goblin.

Vanquished Creatures
  A ribbon worm (D:3)
  2 ball pythons
  2 endoplasms
  A giant cockroach (D:2)
  3 goblins
  3 hobgoblins (D:1)
  3 jackals (D:1)
  4 quokkas
  3 bats
  6 kobolds
  4 rats (D:1)
32 creatures vanquished.

Notes
Turn   | Place    | Note
-------+----------+-------------------------------------------
     0 | D:1      | ezpacito the Demonspawn Chaos Knight began the quest for
                  | the Orb.
     0 | D:1      | Reached XP level 1. HP: 18/18 MP: 1/1
   102 | D:1      | XOM: potion effect (invisibility)
   103 | D:1      | Reached skill level 1 in Dodging
   160 | D:1      | XOM: silly message
   274 | D:1      | XOM: silly message
   317 | D:1      | Gained mutation: You regenerate a little health from kills.
                  | [demonic ancestry]
   317 | D:1      | Reached XP level 2. HP: 23/24 MP: 2/2
   340 | D:1      | Found Omyuhir's Book Shoppe.
   415 | D:1      | Found a faded altar of an unknown god.
   444 | D:1      | XOM: silly message
   528 | D:1      | XOM: 6-stop teleportation journey
   575 | D:1      | XOM: silly message
   937 | D:2      | Reached XP level 3. HP: 29/29 MP: 3/3
  1022 | D:2      | XOM: divination: detect creatures
  1384 | D:3      | XOM: divination: magic mapping
  1462 | D:3      | Found a radiant altar of Vehumet.
  1467 | D:3      | Killed from afar by a goblin

Illustrated notes

Levels and vault maps discovered:
D:1:      lightli_arrival_lavapool, layout_loops_ring, serial_shops,
          nicolae_shop_tiny_real_fake_doors, shapermc_ecumenical_altar_acropolis
D:2:      layout_loops_ring, kennysheep_doodads
D:3:      layout_loops_ring, vehumet_altar_wand_db,
          nicolae_overflow_hidden_temple

Skill      XL: |  1  2 |
---------------+-------+-----
Dodging        | 1 |  1.2
Armour         | 2 |  2.2
Fighting       | |  3.3
Axes           | |  2.9
Stealth        | |  0.7
Unarmed Combat | |  0.5
Spellcasting   | |  0.3

Action                     || total
---------------------------++-------
  Melee: Hand axe          ||   105
    Use: Potion            ||     1
 Armour: Leather armour    ||    62
  Dodge: Dodged            ||    65

Table legend: (Time is in decaauts)
 A = Elapsed time spent in this place.
 B = Non-inter-level travel time spent in this place.
 C = Inter-level travel time spent in this place.
 D = Time resting spent in this place.
 E = Time spent auto-exploring this place.
 F = Levels seen in this place.
 G = Mean time per level.
                   A        B        C        D        E       F      G
               +--------+--------+--------+--------+--------+-----+--------+
         Total |   1484 |   1429 |     55 |      0 |   1174 |   3 |  494.7 |
       Dungeon |   1484 |   1429 |     55 |      0 |   1174 |   3 |  494.7 |
               +--------+--------+--------+--------+--------+-----+--------+

Top non-repeatable levels by time:
     D:1: 727 daAuts
     D:2: 666 daAuts
     D:3: 90 daAuts
